 Dungeon Crawl Stone Soup version 0.27-a0-901-g8736458 (webtiles) character file.

Game seed: 4116957027075871989

768 Nithhogg the Skirmisher (level 7, 0/55 HPs)
             Began as a Demonspawn Fighter on Apr 5, 2021.
             Slain by a scorpion (5 damage)
             ... on level 5 of the Dungeon.
             The game lasted 00:07:56 (6233 turns).

Nithhogg the Skirmisher (Demonspawn Fighter)        Turns: 6233, Time: 00:07:57

Health: 0/55       AC:  7    Str: 19    XL:     7   Next: 52%
Magic:  10/10      EV: 10    Int:  9    God:
Gold:   191        SH:  0    Dex: 12    Spells: 6/6 levels left

rFire    . . .     SeeInvis .   p - +1 falchion (freeze)
rCold    . . .     Faith    .   (no shield)
rNeg     . . .     Spirit   .   b - +0 scale mail
rPois    .         Reflect  .   (no helmet)
rElec    .         Harm     .   (no cloak)
rCorr    .         Rampage  .   (no gloves)
Will     .....                  (no boots)
Stlth    ..........             (no amulet)
HPRegen  0.18/turn              (no ring)
MPRegen  0.24/turn              (no ring)

@: lethally poisoned (0 -> -6), very slightly contaminated, hasted, invisible,
very quick
A: talons 1, powered by death 2, magic regeneration
a: no special abilities


You were on level 5 of the Dungeon.
You visited 1 branch of the dungeon, and saw 5 of its levels.

You collected 191 gold pieces.

Inventory:

Hand Weapons
 a - a +0 long sword
 m - a +4 dagger of freezing
 p - a +1 falchion of freezing (weapon)
Armour
 b - a +0 scale mail (worn)
 c - a +0 kite shield
Wands
 l - a wand of digging (5)
Scrolls
 f - a scroll of noise {unknown}
 g - 2 scrolls of identify {unknown}
 h - a scroll of brand weapon {unknown}
 i - a scroll of holy word {unknown}
 j - 2 scrolls of acquirement {unknown}
 k - a scroll of fog {unknown}
 o - a scroll of immolation {unknown}
 q - a scroll of enchant armour {unknown}
 r - a scroll of teleportation {unknown}
 s - a scroll of amnesia {unknown}
Potions
 d - a potion of might
 e - a potion of invisibility
 t - a potion of flight {unknown}


   Skills:
 + Level 4.7 Fighting
 + Level 3.7 Long Blades
 + Level 4.3 Armour
 + Level 3.2 Dodging
 - Level 2.6 Shields
 + Level 4.6 Invocations


You had 6 spell levels left.
You didn't know any spells.
Your spell library contained the following spells:

 Spells                   Type           Power      Damage    Failure   Level
 Animate Skeleton         Necr           0%         N/A       75%         1
 Magic Dart               Conj           0%         1d3       75%         1
 Blink                    Tloc           N/A        N/A       87%         2
 Call Imp                 Summ           0%         N/A       87%         2
 Slow                     Hex            0%         N/A       87%         2
 Sublimation of Blood     Necr           0%         N/A       87%         2
 Conjure Flame            Conj/Fire      0%         6-21      98%         3
 Mephitic Cloud           Conj/Pois/Air  0%         N/A       98%         3
 Petrify                  Tmut/Erth      0%         N/A       100%        4
 Hydra Form               Tmut           0%         N/A       100%        5
 Yara's Violent Unravell  Hex/Tmut       0%         3d3       100%        5


Dungeon Overview and Level Annotations

Branches:
Dungeon (5/15)
 Temple: D:4-7

Altars:
Ashenzari
Gozag
Nemelex Xobeh
Wu Jian

Shops:
D:3 [!   D:4 *


Innate Abilities, Weirdness & Mutations

You have sharp toenails.
You regenerate health from kills.
You regenerate magic rapidly.


Message History

The scorpion closely misses you.
The scorpion stings you but does no damage.
You are too injured to fight recklessly!
You are too injured to fight recklessly!
You are too injured to fight recklessly!
You are too injured to fight recklessly!
You are too injured to fight recklessly!
You are too injured to fight recklessly!
You are too injured to fight recklessly!
You are too injured to fight recklessly!
You are too injured to fight recklessly!
You are too injured to fight recklessly!
You are too injured to fight recklessly!
You are too injured to fight recklessly!
You feel sick.
You feel sick.
You feel sick.
You hit the scorpion but do no damage. Your kick misses the scorpion.
The scorpion is lightly wounded.
You feel sick. The scorpion stings you.
You hit the scorpion. You freeze the scorpion.
You claw the scorpion, but do no damage.
The scorpion is heavily wounded.
You feel sick. The scorpion stings you.
* * * LOW HITPOINT WARNING * * *
You are more poisoned.
The scorpion poisons you! The scorpion stings you.
* * * LOW HITPOINT WARNING * * *
It was a potion of invisibility.
You fade into invisibility!
* * * LOW HITPOINT WARNING * * *
You feel sick. The scorpion barely misses you.
You riposte.
You closely miss the scorpion.
You claw the scorpion, but do no damage.
The scorpion is heavily wounded.
You are very lightly contaminated with residual magic.
It was a potion of haste.
You feel yourself speed up.
* * * LOW HITPOINT WARNING * * *
You feel sick. The scorpion stings you.
You die...

#########
#.......##
###..#####
.##.###...Zs@..#
........######.#
.##..#..#≈≈≈≈#.#
#..#..#≈>⌠≈'(#
....#≈._≈'.#
.#..#≈≈≈≈#.#
#.#..######.#
#.#>........#
........####


You could see a scorpion and a hound zombie.

Vanquished Creatures
  Eustachio (D:4)
  Menkaure (D:4)
  A scorpion (D:4)
  A water moccasin skeleton (D:4)
  A hound (D:4)
  2 jellies (D:4)
  A scorpion zombie (D:3)
  2 iguanas (D:4)
  Natasha (thrice) (D:2)
  A hound zombie (D:3)
  A hound skeleton (D:3)
  An adder (D:3)
  A white imp (D:4)
  An adder skeleton (D:3)
  2 adder zombies (D:3)
  A worm (D:2)
  3 dart slugs
  9 orcs
  4 ball pythons
  A bat (D:1)
  6 endoplasms
  5 giant cockroaches
  3 goblins (D:1)
  6 hobgoblins
  12 jackals
  4 quokkas
  A ball python skeleton (D:3)
  7 frilled lizards
  7 kobolds
  A rat (D:2)
90 creatures vanquished.

Notes
Turn   | Place    | Note
-------+----------+-------------------------------------------
     0 | D:1      | Nithhogg the Demonspawn Fighter began the quest for the
                  | Orb.
     0 | D:1      | Reached XP level 1. HP: 18/18 MP: 1/1
   324 | D:1      | Gained mutation: You regenerate a little health from kills.
                  | [demonic ancestry]
   324 | D:1      | Reached XP level 2. HP: 21/24 MP: 2/2
   385 | D:1      | Identified the Compendium of Unstable Sinister Secrets
   409 | D:1      | Reached skill level 1 in Invocations
   747 | D:1      | Gained mutation: You regenerate magic rapidly. [demonic
                  | ancestry]
   747 | D:1      | Reached XP level 3. HP: 26/29 MP: 2/4
  1403 | D:2      | Reached skill level 1 in Dodging
  1836 | D:2      | Found a broken altar of Ashenzari.
  2134 | D:2      | You fall into a shaft and drop 1 floor!
  2147 | D:3      | Found a faded altar of an unknown god.
  2281 | D:3      | Gained mutation: You regenerate health from kills. [demonic
                  | ancestry]
  2281 | D:3      | Reached XP level 4. HP: 32/35 MP: 5/5
  2310 | D:3      | Found Rozeim's Armour Shoppe.
  2476 | D:2      | Noticed Natasha
  2482 | D:2      | Killed Natasha
  2681 | D:2      | Noticed Natasha
  2689 | D:2      | Killed Natasha
  3173 | D:2      | Noticed Natasha
  3184 | D:2      | Killed Natasha
  3185 | D:2      | Reached XP level 5. HP: 24/42 MP: 5/7
  3738 | D:3      | Found an ornate altar of the Wu Jian Council.
  3796 | D:3      | Found Cyownem's Distillery.
  4334 | D:4      | Gained mutation: You have sharp toenails. [demonic
                  | ancestry]
  4334 | D:4      | Reached XP level 6. HP: 32/48 MP: 8/8
  4921 | D:4      | Found an opulent altar of Gozag.
  5280 | D:4      | Found a broken altar of Ashenzari.
  5448 | D:4      | Found Hexeahuw's General Store.
  5583 | D:4      | Noticed Menkaure
  5591 | D:4      | Killed Menkaure
  5592 | D:4      | Reached XP level 7. HP: 12/55 MP: 10/10
  5906 | D:4      | Noticed Eustachio
  5928 | D:4      | Killed Eustachio
  6145 | D:5      | Entered Level 5 of the Dungeon
  6206 | D:5      | Found a sparkling altar of Nemelex Xobeh.
  6233 | D:5      | Slain by a scorpion

Illustrated notes

Levels and vault maps discovered:
D:1:      evilmike_arrival_crescent, layout_loops_ring, st_stairs_10,
          chequers_serial_rivers_small_3
D:2:      layout_basic, basic_altar, minmay_misc_feat_hallway, uniq_natasha
D:3:      layout_loops_corners, serial_undead, serial_undead_a, serial_undead_e,
          serial_undead_d, serial_undead_a, serial_undead_a, serial_shops,
          shop_fountains, shop_statue, basic_ecumenical_altar,
          grunt_ministairs_11, kennysheep_flooded_box, lemuel_old_faithful
D:4:      layout_gridville, nicolae_ashenzari_panopticon,
          nicolae_gozag_cash_rules_everything_around_me, serial_shops,
          shop_fountains, corexii_shack, uniq_menkaure, uniq_eustachio
D:5:      layout_loops_ring, general_overflow_altar, uniq_ijyb

Skill      XL: |  1  2  3  4  5  6  7 |
---------------+----------------------+-----
Long Blades    | 2 3 |  3.7
Invocations    | 1 2 3 4 |  4.6
Armour         | 3 4 |  4.3
Dodging        | 1 2 3 |  3.2
Fighting       | 4 |  4.7
Shields        | |  2.6

Action                   |  1- 3 |  4- 6 |  7- 9 || total
-------------------------+-------+-------+-------++-------
Melee: Long sword        |   174 |    36 |       ||   210
       Falchion          |       |   106 |    28 ||   134
       Dagger            |       |    12 |       ||    12
       Kick              |       |    21 |    12 ||    33
  Use: Potion            |       |       |     2 ||     2
Armor: Scale mail        |    73 |    46 |    14 ||   133
Dodge: Dodged            |    91 |    76 |    15 ||   182
Block: Kite shield       |     1 |       |       ||     1
       Rpst.: Long sword |    26 |     9 |       ||    35
       Falchion          |       |    19 |     3 ||    22

Table legend: (Time is in decaauts)
 A = Elapsed time spent in this place.
 B = Non-inter-level travel time spent in this place.
 C = Inter-level travel time spent in this place.
 D = Time resting spent in this place.
 E = Time spent auto-exploring this place.
 F = Levels seen in this place.
 G = Mean time per level.
                   A        B        C        D        E       F      G
               +--------+--------+--------+--------+--------+-----+--------+
         Total |   6318 |   6145 |    173 |    913 |   4112 |   5 | 1263.6 |
       Dungeon |   6318 |   6145 |    173 |    913 |   4112 |   5 | 1263.6 |
               +--------+--------+--------+--------+--------+-----+--------+

Top non-repeatable levels by time:
     D:4: 1904 daAuts
     D:2: 1632 daAuts
     D:1: 1373 daAuts
     D:3: 1319 daAuts
     D:5: 88 daAuts
